 Dungeon Crawl Stone Soup version 0.32-a0-131-g9dbbe29261 (webtiles) character file.

Game seed: 10560067496773640851

497 zeratav the Sneak (level 7, -1/50 HPs)
             Began as an Octopode Shapeshifter on Feb 8, 2024.
             Slain by a gnoll
             ... wielding a +0 spear
              (7 damage)
             ... on level 4 of the Dungeon.
             The game lasted 00:05:33 (3055 turns).

zeratav the Sneak (Octopode Shapeshifter)           Turns: 3055, Time: 00:05:33

Health: -1/50      AC:  1    Str: 15    XL:     7   Next: 15%
Magic:  7/7        EV:  7    Int: 12    God:
Gold:   163        SH:  0    Dex: 12    Spells: 6/6 levels left

rFire   . .          .
                       - Unarmed
rCold   . . .        (no shield)
rNeg    . . .        (helmet currently unavailable)
rPois   .            (no amulet)
rElec   .            (no ring)
rCorr   .            (no ring)
SInv    .            (no ring)
Will    .....        (no ring)
Stlth   ++++         (no ring)
HPRegen 0.28/turn    (no ring)
MPRegen 0.10/turn    (no ring)
                     (no ring)

%: no passive effects
@: beast-form, held
A: beast (slay +2), almost no armour, amphibious, 8 rings, camouflage 1,
gelatinous body 1, (nimble swimmer 1), tentacles
a: Begin Untransformation


You were on level 4 of the Dungeon.
You were a hulking beast.
You visited 1 branch of the dungeon, and saw 4 of its levels.

You collected 163 gold pieces.


Innate Abilities, Weirdness & Mutations

You are a hulking beast.
Your limbs bulge with bestial killing power. (Slay +2)
You cannot wear most types of armour.
You are amphibious.
You can wear up to eight rings at the same time.
Your skin changes colour to match your surroundings (Stealth+).
Your rubbery body absorbs attacks. (AC +1, EV +1)
((You are camouflaged when in or above water. (Stealth+)))
You have tentacles for arms and can constrict up to eight enemies at once.


   Skills:
 - Level 5.0 Fighting
 - Level 2.0 Dodging
 - Level 5.0 Stealth
 - Level 3.0 Unarmed Combat
 + Level 4.6 Shapeshifting


You had 6 spell levels left.
You didn't know any spells.
Your spell library contained the following spells:

 Spells                   Type           Power      Damage    Failure   Level
 Freeze                   Ice            0%         1d3       32%         1
 Frozen Ramparts          Ice            0%         1d1       69%         3
 Hailstorm                Conj/Ice       0%         3d5       69%         3

Inventory:

Missiles
 p - 11 poisoned darts (quivered) {throwing}
Talismans
 b - a beast talisman
 c - a flux talisman
Scrolls
 d - a scroll of blinking {!r}
 e - a scroll of fear
 j - a scroll of identify {@r1}
 k - a scroll of enchant weapon {unknown}
 m - a scroll of immolation {!r!r}
 n - a scroll of revelation
 q - 2 scrolls of amnesia
 r - a scroll of poison {unknown}
Potions
 a - a potion of lignification {!q}
 f - a potion of attraction {unknown}
 g - a potion of heal wounds {unknown}
 h - a potion of ambrosia {unknown}
 i - 2 potions of brilliance {unknown}
 l - 3 potions of curing {unknown}
 o - a potion of might {unknown}

Dungeon Overview and Level Annotations

Branches:
Dungeon (4/15) Zot: 20954
 Temple: D:4-7

Altars:
Cheibriados

Shops:
D:2 =[(   D:3 [

Annotations:
D:2 Sigmund
D:3 Grinder

#...................#....#....#
#...................# ##.+h...#
#...................###..##..##
#...............%.......####
#......# #..................
#......# #.............#####
#...g..# #.............#####
#'####.####............)##...
#....##.f.)g.h....#########...
#....#....)g..................
#g...'............?...........
#....#.........####..######...
#.g..#.......†.# ##.# ####
#...f#.........# #.###
#....#.......).# #...#
#.........# ###.# #.........#
#.#####..


You could see a sleepcap and 2 gnolls.


Message History

The quokka moves out of view.
A goblin comes into view. It is wielding a +0 club.
A quokka comes into view.
The quokka twitches its whiskers.
The quokka bites you.
HP[-2]
You take 2 damage, and now have 48/50 hp.
You closely miss the quokka. Your grab misses the quokka.
The quokka closely misses you.
You tentacle-slap the quokka. You grab the quokka. You constrict the quokka.
The quokka closely misses you.
You tentacle-slap the quokka but do no damage.
You squeeze the quokka. You constrict the quokka. The quokka bites you.
HP[-1]
You take 1 damage, and now have 47/50 hp.
You tentacle-slap the quokka.
You kill the quokka!
HP[+1]
The helpless goblin fails to defend itself.
You tentacle-slap the goblin.
You kill the goblin!
You see here a +0 club {mace}.
HP[+1]
The quokka closely misses you.
You tentacle-slap the quokka.
You kill the quokka!
No target in view!
No target in view!
No target in view!
No target in view!
No target in view!
No target in view!
No target in view!
No target in view!
No target in view!
No target in view!
You start resting.
HP[+1]
Your hp is fully restored (50).
l - 3 sedimented inky potions (gained 1)
You open the door. 3 gnolls come into view.
A gnoll is wielding a +0 spear and quivering a throwing net.
A gnoll is wielding a +1 heavy spear.
A sleepcap and a gnoll come into view.
There is an open door here.
The gnoll shouts! x2
You close the door.
Something unseen breaks down the door.
There is a stone staircase leading down here.
The gnoll hits you with a +1 heavy spear!
The gnoll barely misses you.
There is a stone staircase leading down here.
HP[-9]
You take 9 damage, and now have 41/50 hp.
You tentacle-slap the gnoll. You grab the gnoll. You constrict the gnoll.
The gnoll completely misses you.
You tentacle-slap the gnoll.
Your tentacle-slap misses the gnoll.
You constrict the gnoll.
The gnoll hits you with a +1 heavy spear.
The gnoll hits you from afar with a +0 halberd!
HP[-14]
You take 14 damage, and now have 27/50 hp.
MASSIVE DAMAGE!! (PAUSE)
You tentacle-slap the gnoll. x2; You squeeze the gnoll.
You kill the gnoll!
The gnoll closely misses you.
HP[+1]
Things that are here:
a +1 heavy spear {polearm}; a gnoll corpse You barely miss the gnoll.
The gnoll shouts!
You grab the gnoll. You constrict the gnoll. The gnoll barely misses you.
A gnoll opens the door.
The gnoll completely misses you.
You tentacle-slap the gnoll. You squeeze the gnoll. You constrict the gnoll.
The gnoll hits you from afar with a +0 spear.
* * * LOW HITPOINT WARNING * * *
The gnoll misses you.
HP[-5]
You take 5 damage, and now have 23/50 hp.
You tentacle-slap the gnoll. Your squeeze misses the gnoll.
You constrict the gnoll.
You kill the gnoll!
The gnoll hits you from afar with a +0 spear!
* * * LOW HITPOINT WARNING * * *
HP[-10]
You take 10 damage, and now have 13/50 hp.
There is a stone staircase leading down here.
The gnoll throws a throwing net.
The throwing net hits you.
You become entangled in the net!
You see here a throwing net {=fthrowing}.
HP[+1]
You struggle against the net.
You struggle against the net.
The gnoll hits you from afar with a +0 spear!
* * * LOW HITPOINT WARNING * * *
HP[-9]
You take 9 damage, and now have 5/50 hp.
You struggle against the net.
The gnoll hits you from afar with a +0 spear!
You die...

Skill      XL: |  1  2  3  4  5  6 |
---------------+-------------------+-----
Stealth        | 2 3 5 |  5.0
Fighting       | 3 4 5 |  5.0
Shapeshifting  | 4 |  4.6
Dodging        | |  2.0
Unarmed Combat | |  3.0

Action                     |  1- 3 |  4- 6 |  7- 9 || total
---------------------------+-------+-------+-------++-------
  Melee: Unarmed           |    54 |   131 |    15 ||   200
         Tentacles         |    10 |    29 |     3 ||    42
         Constrict         |    11 |    43 |     4 ||    58
         Punch             |       |    10 |     1 ||    11
    Use: Scroll            |       |     4 |     2 ||     6
   Stab: Sleeping          |    11 |    12 |     1 ||    24
         Distracted        |     1 |       |       ||     1
 Armour: Skin              |    14 |    44 |    11 ||    69
  Dodge: Dodged            |    25 |    68 |     9 ||   102

Levels and vault maps discovered:
D:1:      mainiacjoe_arrival_oval_in_oval, layout_basic,
          hellmonk_ecumenical_altar_heavens_door, hex_tiny, hex_medium
D:2:      layout_basic, basic_altar, serial_shops, nicolae_shop_stone,
          shop_statue, nicolae_shop_pleasant_corner_grove,
          grunt_decor_mini_mirrors, minivault_26, serial_bayou_lagoon_a,
          minmay_pentomino_v2, uniq_terence, uniq_jessica, uniq_sigmund
D:3:      layout_loops_ring, serial_shops, shop, uniq_robin, uniq_natasha,
          uniq_grinder
D:4:      layout_basic, nicolae_hepliaklqana_hippocampus, serial_shops, shop,
          mrwooster_statue_mirror, minmay_joined_circles

Notes
Turn   | Place    | Note
-------+----------+-------------------------------------------
     0 | D:1      | zeratav the Octopode Shapeshifter began the quest for the
                  | Orb.
     0 | D:1      | Reached XP level 1. HP: 13/13 MP: 1/1
     0 | D:1      | magus.rc [v1.9.6]
    55 | D:1      | Reached skill level 1 in Stealth
   129 | D:1      | Reached skill level 2 in Stealth
   131 | D:1      | Reached XP level 2. HP: 16/18 MP: 2/2
   235 | D:1      | Reached skill level 3 in Stealth
   416 | D:1      | Found a faded altar of an unknown god.
   649 | D:2      | Noticed Sigmund
   671 | D:2      | Reached XP level 3. HP: 15/23 MP: 3/3
   671 | D:2      | Found Ajucaudgh's Weapon Emporium.
   737 | D:2      | Noticed Terence
   741 | D:2      | Killed Terence
   742 | D:2      | Reached skill level 4 in Stealth
   838 | D:2      | Noticed Jessica
   843 | D:2      | Killed Jessica
   844 | D:2      | Reached skill level 5 in Stealth
   844 | D:2      | Reached XP level 4. HP: 16/29 MP: 4/4
   901 | D:2      | Found a snail-covered altar of Cheibriados.
   954 | D:2      | Reached skill level 2 in Fighting
  1188 | D:2      | You pick up a book of Frost and begin reading...
  1188 | D:2      | You add the spells Freeze, Frozen Ramparts and Hailstorm to
                  | your library.
  1343 | D:2      | Found Paops's Armour Shoppe.
  1427 | D:2      | Found Fetiwy's Jewellery Shop.
  1466 | D:3      | Noticed Natasha
  1469 | D:3      | Reached skill level 3 in Fighting
  1469 | D:3      | Reached XP level 5. HP: 36/36 MP: 5/5
  1473 | D:3      | Killed Natasha
  1841 | D:3      | Reached skill level 4 in Fighting
  1843 | D:3      | Noticed Robin
  1846 | D:3      | Killed Robin
  1982 | D:3      | Noticed Natasha
  1989 | D:3      | Killed Natasha
  1990 | D:3      | Reached XP level 6. HP: 37/44 MP: 6/6
  2047 | D:3      | Noticed Grinder
  2082 | D:3      | Noticed Natasha
  2099 | D:3      | Killed Natasha
  2100 | D:3      | Reached skill level 5 in Fighting
  2419 | D:3      | Found Iloar's Armour Shoppe.
  2561 | D:4      | HP: 10/45 [burnt (5)]
  2749 | D:4      | Reached skill level 4 in Shapeshifting
  2877 | D:4      | Noticed a black bear
  2940 | D:4      | Reached XP level 7. HP: 47/50 MP: 7/7
  3054 | D:4      | HP: 5/50 [gnoll/+0 spear (9)]
  3055 | D:4      | Slain by a gnoll

Vanquished Creatures
  A scorpion (D:4)
  A hound (D:4)
  An orc priest (D:3)
  2 bombardier beetles
  Jessica (D:2)
  An iguana (D:4)
  Natasha (thrice) (D:3)
  Terence (D:2)
  2 gnolls (D:4)
  Robin (D:3)
  3 adders
  3 dart slugs
  A ribbon worm (D:2)
  6 orcs
  5 endoplasms
  2 giant cockroaches (D:3)
  15 goblins
  10 hobgoblins
  6 jackals
  3 quokkas (D:4)
  10 ball pythons
  A bat (D:1)
  9 frilled lizards
  5 kobolds
  7 rats
100 creatures vanquished.

Table legend:
 A = Non-vault XP
 B = Vault XP
 C = Vault XP percentage of total XP
 D = Non-vault monster count
 E = Vault monster count
 F = Vault count percentage of total count
                 A         B        C        D         E       F
            +---------+---------+-------+---------+---------+-------
      Total |     483 |     227 |  32.0 |      80 |      20 |  20.0
            +---------+---------+-------+---------+---------+-------
        D:1 |      32 |       0 |   0.0 |      22 |       0 |   0.0
        D:2 |      43 |      71 |  62.3 |      15 |       4 |  21.1
        D:3 |     212 |      70 |  24.8 |      27 |      13 |  32.5
        D:4 |     196 |      86 |  30.5 |      16 |       3 |  15.8
            +---------+---------+-------+---------+---------+-------

Skill      XL: |  1  2  3  4  5  6 |
---------------+-------------------+-----
Stealth        | 2 3 5 |  5.0
Fighting       | 3 4 5 |  5.0
Shapeshifting  | 4 |  4.6
Dodging        | |  2.0
Unarmed Combat | |  3.0

Action                     |  1- 3 |  4- 6 |  7- 9 || total
---------------------------+-------+-------+-------++-------
  Melee: Unarmed           |    54 |   131 |    15 ||   200
         Tentacles         |    10 |    29 |     3 ||    42
         Constrict         |    11 |    43 |     4 ||    58
         Punch             |       |    10 |     1 ||    11
    Use: Scroll            |       |     4 |     2 ||     6
   Stab: Sleeping          |    11 |    12 |     1 ||    24
         Distracted        |     1 |       |       ||     1
 Armour: Skin              |    14 |    44 |    11 ||    69
  Dodge: Dodged            |    25 |    68 |     9 ||   102

Illustrated notes

Table legend:
 A = Kills in this place as a percentage of kills in the entire game.
 B = Kills by you in this place as a percentage of kills by you in the entire game.
 C = Kills by friends in this place as a percentage of kills by friends in the entire game.
 D = Other kills in this place as a percentage of other kills in the entire game.
 E = Experience gained in this place as a percentage of experience gained in the entire game.
 F = Experience gained in this place divided by the number of levels of this place that you have seen.
                   A       B       C       D       E      F
               +-------+-------+-------+-------+-------+----------------------
         Total | 100.0 | 100.0 |   N/A |   N/A | 100.0 | 177.5
       Dungeon | 100.0 | 100.0 |   N/A |   N/A | 100.0 | 177.5
               +-------+-------+-------+-------+-------+----------------------

Table legend: (Time is in decaauts)
 A = Elapsed time spent in this place.
 B = Non-inter-level travel time spent in this place.
 C = Inter-level travel time spent in this place.
 D = Time resting spent in this place.
 E = Time spent auto-exploring this place.
 F = Levels seen in this place.
 G = Mean time per level.
                   A        B        C        D        E       F      G
               +--------+--------+--------+--------+--------+-----+--------+
         Total |   3044 |   2952 |     92 |    280 |   2006 |   4 |  761.0 |
       Dungeon |   3044 |   2952 |     92 |    280 |   2006 |   4 |  761.0 |
               +--------+--------+--------+--------+--------+-----+--------+

Top non-repeatable levels by time:
     D:3: 982 daAuts
     D:2: 853 daAuts
     D:1: 643 daAuts
     D:4: 564 daAuts
